 Dungeon Crawl Stone Soup version 0.20.1-1-g8b1a95d (webtiles) character file.

160 dvd the Ruffian (level 5, 0/47 (48) HPs)
             Began as a Troll Transmuter on Oct 10, 2017.
             Slain by a flying skull (7 damage)
             ... created by the anger of Yredelemnul
             ... on level 3 of the Dungeon.
             The game lasted 00:06:07 (1930 turns).

dvd the Ruffian (Troll Transmuter)                  Turns: 1930, Time: 00:06:07

HP:   0/47 (48)     AC:  5    Str: 18    XL:     5   Next: 17%
MP:   6/6           EV: 10    Int: 10    God:
Gold: 135           SH:  0    Dex: 10    Spells: 6/7 levels left

rFire    . . .     SeeInvis .     - Unarmed
rCold    . . .     Gourm    +   (no shield)
rNeg     . . .     Faith    .   b - +0 robe
rPois    .         Spirit   .   (helmet restricted)
rElec    .         Reflect  .   (no cloak)
rCorr    .         Harm     .   (gloves unavailable)
MR       .....                  (boots unavailable)
Stlth    +.........             (no amulet)
Regen    0.6/turn               (no ring)
MPRegen  0.1/turn               (no ring)

@: no status effects
A: unfitting armour, claws 3, fast metabolism 3, gourmand, regeneration 1,
shaggy fur 1, tough skin 2
a: no special abilities


You were on level 3 of the Dungeon.
You were very full.

You visited 1 branch of the dungeon, and saw 3 of its levels.

You collected 135 gold pieces.

Inventory:

Missiles
 a - 43 arrows
Armour
 b - a +0 robe (worn)
Scrolls
 e - a scroll of amnesia
 f - 3 scrolls of identify
 g - 2 scrolls of fear {unknown}
 l - 2 scrolls of enchant weapon {unknown}
 n - a scroll of enchant armour {unknown}
 p - a scroll of remove curse {unknown}
 t - a scroll of recharging {unknown}
 u - a scroll of teleportation {unknown}
Potions
 i - 3 potions of curing {unknown}
 j - 2 potions of mutation
 m - 2 potions of brilliance {unknown}
 r - a potion of invisibility {unknown}
 s - 2 potions of haste {unknown}
Books
 c - a book of Changes

   Spells                             Type                      Level
   a - Beastly Appendage              Transmutation                1
   b - Sticks to Snakes               Transmutation                2
   c - Spider Form                    Transmutation/Poison         3
   d - Ice Form                       Ice/Transmutation            4
   e - Blade Hands                    Transmutation                5
Comestibles
 d - 4 bread rations
 h - 2 chunks of flesh
 k - a royal jelly
 o - 2 fruits
 q - a meat ration


   Skills:
 + Level 1.0 Fighting
 + Level 2.0 Dodging
 + Level 4.6 Unarmed Combat
 + Level 1.8 Spellcasting
 * Level 2.1 Transmutations


You had 6 spell levels left.
You knew the following spells:

 Your Spells              Type           Power        Failure   Level  Hunger
a - Beastly Appendage     Tmut           #.....       13%         1    ##.....


Dungeon Overview and Level Annotations

Branches:
Dungeon (3/15)

Altars:
Hepliaklqana
Yredelemnul


Innate Abilities, Weirdness & Mutations

You are too large for most types of armour.
You have claws for hands.
Your metabolism is lightning-fast.
You like to eat raw meat.
Your natural rate of healing is unusually fast.
You are covered in fur. (AC +1)
You have very tough skin. (AC +2)


Message History

* * * LOW HITPOINT WARNING * * *
The flying skull hits you.
* * * LOW HITPOINT WARNING * * *
Unknown command.
As you read the scroll labeled VEUHUI CYINKUPH, it crumbles to dust.
It is a scroll of amnesia.
Forget which spell ([?*] list [ESC] exit)?
Forget which spell ([?*] list [ESC] exit)?
Okay, then.
The flying skull hits you.
* * * LOW HITPOINT WARNING * * *
The flying skull completely misses you.
The flying skull hits you but does no damage.
Unknown command.
The flying skull barely misses you. The flying skull closely misses you.
The flying skull closely misses you.
The flying skull hits you but does no damage.
The flying skull hits you!
You die...

.# ##..# #######............# .#
#..# #............### .#
#..##########............'..
.#####..#.....................###
.......>#............###.........
#########........z...# ##########
#### #.........z..# ...#
#.......zzz..# ...#
#.......@....# ...#
#............#
...######.....)......#
.....)..'............###
...######..............# ...#
#............#.# ####
#......###.###.# #......#.....#.#
############.###.....#.#


You could see 5 flying skulls.

Vanquished Creatures
  An orc wizard (D:3)
  8 adders
  A worm (D:3)
  A dart slug (D:2)
  3 orcs (D:3)
  A giant cockroach (D:1)
  9 goblins
  7 hobgoblins
  4 jackals (D:2)
  3 kobolds
  A quokka (D:2)
  A ball python (D:1)
  6 bats
  4 frilled lizards
  11 rats
61 creatures vanquished.

Notes
Turn   | Place    | Note
-------+----------+-------------------------------------------
     0 | D:1      | dvd the Troll Transmuter began the quest for the Orb.
     0 | D:1      | Reached XP level 1. HP: 18/18 MP: 1/1
   248 | D:1      | Reached XP level 2. HP: 26/26 MP: 0/2
   601 | D:2      | Found a faded altar of an unknown god.
   662 | D:2      | Reached XP level 3. HP: 20/32 MP: 2/4
   716 | D:2      | Reached skill level 4 in Unarmed Combat
   891 | D:2      | Reached XP level 4. HP: 37/40 MP: 5/5
  1027 | D:2      | Became a worshipper of Yredelemnul the Dark
  1027 | D:2      | Reached * piety under Yredelemnul
  1028 | D:2      | Fell from the grace of Yredelemnul
  1101 | D:2      | Found a hazy altar of Hepliaklqana.
  1613 | D:3      | Reached skill level 1 in Fighting
  1613 | D:3      | Reached XP level 5. HP: 36/47 MP: 6/6
  1919 | D:3      | Noticed a flying skull
  1919 | D:3      | Noticed a flying skull
  1919 | D:3      | Noticed a flying skull
  1919 | D:3      | Noticed a flying skull
  1919 | D:3      | Noticed a flying skull
  1930 | D:3      | Slain by a flying skull

Skill      XL: |  1  2  3  4 |
---------------+-------------+-----
Unarmed Combat | 4 |  4.6
Transmutations | 2 |  2.1
Dodging        | 2 |  2.0
Fighting       | 1 |  1.0
Spellcasting   | |  1.8

Action                   |  1- 3 |  4- 6 || total
-------------------------+-------+-------++-------
Melee: Unarmed           |    82 |    63 ||   145
       Kick              |     4 |     3 ||     7
       Headbutt          |     3 |     1 ||     4
       Punch             |     2 |     1 ||     3
 Cast: Beastly Appendage |    15 |    17 ||    32
Invok: Renounce Religion |       |     1 ||     1
  Use: Scroll            |       |     2 ||     2
  Eat: Chunk             |    14 |    10 ||    24
Armor: Robe              |    37 |    31 ||    68
Dodge: Dodged            |    50 |    42 ||    92
